 Dungeon Crawl Stone Soup version 0.23.2-40-g277498a001 (webtiles) character file.

Game seed: 10653414822892362366

16894 Baz the Grappler (level 12, -7/110 HPs)
             Began as a Gnoll Transmuter on Aug 29, 2019.
             Was a Priest of Ashenzari.
             Mangled by a black mamba (15 damage)
             ... on level 4 of the Lair of Beasts on Sept 7, 2019.
             The game lasted 00:32:29 (20974 turns).

Baz the Grappler (Gnoll Transmuter)                Turns: 20974, Time: 00:32:30

Health: -7/110     AC:  6    Str: 19    XL:     12   Next: 42%
Magic:  22/24      EV: 15    Int: 15    God:    Ashenzari [***...]
Gold:   562        SH:  2    Dex: 15    Spells: 10/28 levels left

rFire    x . .     SeeInvis +     - Unarmed
rCold    + + +     Gourm    .   (shield currently unavailable)
rNeg     . . .     Faith    .   (armour currently unavailable)
rPois    +         Spirit   .   (helmet currently unavailable)
rElec    .         Reflect  +   (cloak currently unavailable)
rCorr    .         Harm     .   (gloves currently unavailable)
MR       .....                  (boots currently unavailable)
Stlth    ++++......             E - +2 amulet of reflection
HPRegen  0.28/turn              p - ring of poison resistance
MPRegen  0.19/turn              (no ring)

@: lethally poisoned (-7 -> -20), ice-form
A: large, distributed training, strong nose
a: End Transformation, Curse Item, Scrying, Renounce Religion


You were on level 4 of the Lair of Beasts.
You worshipped Ashenzari.
Ashenzari was most pleased with you.
You were not hungry.
You were a creature of crystalline ice.
You visited 2 branches of the dungeon, and saw 14 of its levels.

You collected 793 gold pieces.
You spent 231 gold pieces at shops.

Inventory:

Hand Weapons
 a - a +2 hunting sling of freezing
 b - a +0 short sword of venom (melded)
Missiles
 i - 387 stones (quivered)
 j - 114 sling bullets
 l - a throwing net
 s - 220 arrows
Armour
 e - a cursed +1 helmet (melded)
 x - a +2 robe of magic resistance
 G - a +1 pair of boots of flying (melded)
 P - the +4 ring mail of Gallantry (melded) {Str+4 Dex+3}
   (You found it on level 3 of the Lair of Beasts)

   It affects your strength (+4).
   It affects your dexterity (+3).
Jewellery
 p - a ring of poison resistance (left front paw)
 E - a +2 amulet of reflection (around neck)
 I - an uncursed ring of see invisible
 K - a +5 ring of strength
 M - an uncursed ring of ice
Wands
 m - a wand of enslavement (6)
 A - a wand of iceblast (16)
 L - a wand of random effects (14)
Scrolls
 c - 3 scrolls of enchant armour {unknown}
 f - a scroll of immolation {unknown}
 g - 2 scrolls of blinking {unknown}
 h - a scroll of magic mapping {unknown}
 k - 3 scrolls of teleportation {unknown}
 u - a scroll of fog {unknown}
 w - 2 scrolls of remove curse
 y - 2 scrolls of random uselessness {unknown}
 B - 2 scrolls of silence {unknown}
 H - 2 scrolls of brand weapon {unknown}
 J - 5 scrolls of identify
 N - a scroll of amnesia {unknown}
 O - a scroll of torment {unknown}
Potions
 n - 3 potions of agility
 o - a potion of haste
 q - a potion of ambrosia
 r - 3 potions of flight
 t - 2 potions of magic
 v - 2 potions of brilliance
 z - 2 potions of degeneration
 C - 3 potions of berserk rage {unknown}
 D - 2 potions of cancellation {unknown}
 F - 2 potions of curing {unknown}
 Q - a potion of invisibility {unknown}
Comestibles
 d - 15 rations


   Skills:
 + Level 7.6 Fighting
 + Level 7.1 Short Blades
 + Level 7.1 Long Blades
 + Level 7.1 Axes
 + Level 7.1 Maces & Flails
 + Level 7.1 Polearms
 + Level 7.1 Staves
 + Level 7.1 Slings
 + Level 7.1 Bows
 + Level 7.1 Crossbows
 + Level 7.1 Throwing
 + Level 7.1 Armour
 + Level 8.6 Dodging
 + Level 7.1 Stealth
 + Level 7.1 Shields
 + Level 9.7 Unarmed Combat
 + Level 8.8 Spellcasting
 + Level 5.9 Conjurations
 + Level 5.9 Hexes
 + Level 5.9 Charms
 + Level 5.9 Summonings
 + Level 5.9 Necromancy
 + Level 5.9 Translocations
 + Level 7.1 Transmutations
 + Level 5.9 Fire Magic
 + Level 5.9 Ice Magic
 + Level 5.9 Air Magic
 + Level 5.9 Earth Magic
 + Level 5.9 Poison Magic
 + Level 7.8 Invocations
 + Level 7.1 Evocations


You had 10 spell levels left.
You knew the following spells:

 Your Spells              Type           Power        Failure   Level  Hunger
a - Beastly Appendage     Tmut           ####..       1%          1    None
b - Sticks to Snakes      Tmut           ####....     1%          2    None
c - Spider Form           Tmut/Pois      ####......   2%          3    #......
d - Ice Form              Ice/Tmut       ####....     8%          4    ###....
e - Blade Hands           Tmut           ####......   16%         5    #####..
f - Conjure Flame         Conj/Fire      ###.....     2%          3    #......

Your spell library contained the following spells:

 Spells                   Type           Power        Failure   Level  Hunger
 Flame Tongue             Conj/Fire      ###..        1%          1    None
 Ensorcelled Hibernation  Hex/Ice        ###...       1%          2    None
 Throw Flame              Conj/Fire      ###...       1%          2    None
 Inner Flame              Hex/Fire       ###.....     2%          3    #......
 Sticky Flame             Conj/Fire      ###.....     10%         4    ###....
 Borgnjor's Vile Clutch   Necr/Erth      ###.......   26%         5    #####..
 Fireball                 Conj/Fire      ###.......   26%         5    #####..
 Silence                  Hex/Air        ###.......   26%         5    #####..
 Darkness                 Hex            ###.......   82%         6    ######.
 Shadow Creatures         Summ           N/A          82%         6    ######.


Dungeon Overview and Level Annotations

Branches:
Dungeon (10/15)            Temple (0/1) D:6            Lair (4/6) D:10
  Snake (0/4) Lair:4
  Swamp: Lair:2-4    Shoals: Lair:2-4       Orc: D:9-12

Altars:
Ashenzari
Elyvilon
Makhleb
Okawaru
Qazlal
Vehumet
Yredelemnul

Shops:
D:7 ?   D:8 [

Annotations:
D:3 1 runed translucent door, Crazy Yiuf
D:5 2 transporters, Emblim88's ghost, novice GnWr
D:6 exclusion: statue


Innate Abilities, Weirdness & Mutations

Your experience applies equally to all skills.
((You have very sharp teeth.))
Your uncanny sense of smell can sniff out nearby items.


Message History

Unknown command.
Unknown command.
You hit the black mamba.
The black mamba seems to slow down.
You freeze the black mamba.
The black mamba is almost dead.
You feel sick. The water moccasin misses you. The water moccasin bites you.
The water moccasin bites you but does no damage.
The black mamba bites you!!
* * * LOW HITPOINT WARNING * * *
You are more poisoned.
The black mamba poisons you! The water moccasin barely misses you.
The water moccasin bites you!
* * * LOW HITPOINT WARNING * * *
You closely miss the black mamba.
The black mamba is almost dead.
* * * LOW HITPOINT WARNING * * *
You feel sick. The water moccasin bites you.
* * * LOW HITPOINT WARNING * * *
The water moccasin barely misses you. The black mamba bites you!
You die...

, , ,, , ,* , , ,, ,
∆... ,, #...#.P.#..*
,,, , P...#
.....P....## ,, >...#
...........# ###*
....# * ..........##
##.## ....P
...........###PSS##..#
......P.#.###...YS..#
,
........P.##...##S..#*
* *
..........#...####.##
, .......÷P.#..## #..#
, .............# #P..
......#.....#####....
*
.P.####÷.......###..P#
..# #......P.......##
* .# #.<....#...###.#
* ,


You could see a black mamba and 3 water moccasins.

Vanquished Creatures
  Fannar (Lair:1)
  A hydra (Lair:3)
  A two-headed ogre (D:10)
  Nergalle (Lair:3)
  Joseph (D:7)
  A black mamba (Lair:1)
  A gargoyle (D:10)
  3 spiny frogs
  3 komodo dragons
  2 polar bears (D:8)
  2 trolls
  Prince Ribbit (D:7)
  9 blink frogs
  A hippogriff (D:8)
  5 yaks (Lair:2)
  3 wyverns
  A human (D:8)
  3 hungry ghosts
  Edmund (D:6)
  6 ice beasts
  3 porcupines
  9 water moccasins
  A hornet zombie (D:9)
  2 orc warriors
  A black bear (D:10)
  2 sky beasts
  A phantom (D:7)
  An ogre (D:8)
  4 centaurs
  9 crocodiles
  A big kobold (D:10)
  A wyvern zombie (D:6)
  11 bullfrogs
  A gnoll sergeant (D:8)
  A scorpion (D:3)
  10 killer bees (D:9)
  10 wights
  2 electric eels
  4 howler monkeys
  2 crimson imps
  A bullfrog zombie (D:6)
  A quasit (D:6)
  A bullfrog skeleton (D:8)
  2 jellies (D:8)
  6 orc priests
  A centaur skeleton (D:4)
  4 hounds
  3 iron imps (D:5)
  9 orc wizards
  4 iguanas
  7 worker ants
  A killer bee zombie (D:8)
  A centaur simulacrum (D:8)
  A killer bee simulacrum (D:8)
  A worker ant zombie (D:10)
  5 gnolls
  A howler monkey skeleton (D:7)
  10 adders
  2 river rats (Lair:1)
  3 shadow imps
  A white imp (D:8)
  2 worker ant simulacra (D:8)
  2 ufetubi (D:8)
  An ooze (D:1)
  An adder zombie (D:9)
  An adder skeleton (D:4)
  A dart slug (D:1)
  4 leopard geckos
  57 orcs
  4 bats
  A giant cockroach (D:6)
  8 goblins
  9 hobgoblins
  12 jackals
  8 kobolds
  4 quokkas
  3 ball pythons
  8 frilled lizards
  2 gnoll zombies (D:8)
  A quokka skeleton (D:10)
  6 rats
323 creatures vanquished.

Vanquished Creatures (collateral kills)
  2 orcs (D:5)
2 creatures vanquished.

Vanquished Creatures (others)
  5 plants
5 creatures vanquished.

Grand Total: 330 creatures vanquished

Notes
Turn   | Place    | Note
-------+----------+-------------------------------------------
     0 | D:1      | Baz the Gnoll Transmuter began the quest for the Orb.
     0 | D:1      | Reached XP level 1. HP: 17/17 MP: 6/6
    65 | D:1      | Reached XP level 2. HP: 7/23 MP: 7/7
   507 | D:1      | Reached XP level 3. HP: 21/28 MP: 9/9
   515 | D:1      | Reached skill level 5 in Spellcasting
   769 | D:1      | Learned a level 2 spell: Sticks to Snakes
   773 | D:1      | Learned a level 3 spell: Spider Form
  1020 | D:1      | Reached skill level 1 in Invocations
  1280 | D:2      | Found a shattered altar of Ashenzari.
  1280 | D:2      | Noticed a water moccasin
  1572 | D:2      | Reached skill level 1 in Short Blades
  1572 | D:2      | Reached skill level 1 in Long Blades
  1572 | D:2      | Reached skill level 1 in Axes
  1572 | D:2      | Reached skill level 1 in Maces & Flails
  1572 | D:2      | Reached skill level 1 in Polearms
  1572 | D:2      | Reached skill level 1 in Staves
  1572 | D:2      | Reached skill level 1 in Slings
  1572 | D:2      | Reached skill level 1 in Bows
  1572 | D:2      | Reached skill level 1 in Crossbows
  1572 | D:2      | Reached skill level 1 in Throwing
  1572 | D:2      | Reached skill level 1 in Armour
  1572 | D:2      | Reached skill level 1 in Stealth
  1572 | D:2      | Reached skill level 1 in Shields
  1572 | D:2      | Reached skill level 1 in Evocations
  1720 | D:3      | Reached XP level 4. HP: 7/34 MP: 11/11
  2076 | D:3      | Reached skill level 1 in Conjurations
  2076 | D:3      | Reached skill level 1 in Hexes
  2076 | D:3      | Reached skill level 1 in Charms
  2076 | D:3      | Reached skill level 1 in Summonings
  2076 | D:3      | Reached skill level 1 in Necromancy
  2076 | D:3      | Reached skill level 1 in Translocations
  2076 | D:3      | Reached skill level 1 in Fire Magic
  2076 | D:3      | Reached skill level 1 in Ice Magic
  2076 | D:3      | Reached skill level 1 in Air Magic
  2076 | D:3      | Reached skill level 1 in Earth Magic
  2076 | D:3      | Reached skill level 1 in Poison Magic
  2174 | D:2      | Reached XP level 5. HP: 37/40 MP: 12/12
  2193 | D:2      | Became a worshipper of Ashenzari the Shackled
  2957 | D:3      | Found a runed translucent door.
  2958 | D:3      | Noticed Crazy Yiuf
  3164 | D:3      | Reached XP level 6. HP: 40/47 MP: 13/13
  3433 | D:4      | Reached skill level 5 in Dodging
  3826 | D:4      | Found a white marble altar of Elyvilon.
  3990 | D:4      | Reached XP level 7. HP: 33/52 MP: 15/15
  4383 | D:5      | Entered Level 5 of the Dungeon
  4422 | D:5      | Found a shattered altar of Ashenzari.
  4467 | D:4      | Reached skill level 7 in Unarmed Combat
  5720 | D:5      | Found a burning altar of Makhleb.
  5810 | D:5      | Found a transporter.
  5811 | D:5      | Noticed Emblim88's ghost (novice GnWr)
  5817 | D:5      | Learned a level 4 spell: Ice Form
  5823 | D:5      | Learned a level 5 spell: Blade Hands
  5830 | D:5      | Found a transporter.
  5938 | D:6      | Reached XP level 8. HP: 30/60 MP: 12/16
  6727 | D:6      | Found a staircase to the Ecumenical Temple.
  7033 | D:6      | Found an iron altar of Okawaru.
  7147 | D:6      | Noticed Edmund
  7169 | D:6      | Killed Edmund
  7272 | D:6      | Found a radiant altar of Vehumet.
  7451 | D:6      | Learned a level 3 spell: Conjure Flame
  7474 | D:7      | Noticed Prince Ribbit
  7497 | D:7      | Killed Prince Ribbit
  7497 | D:7      | Reached XP level 9. HP: 33/66 MP: 16/18
  7506 | D:7      | Reached skill level 5 in Transmutations
  7837 | D:7      | Noticed Joseph
  8509 | D:7      | Killed Joseph
  8509 | D:7      | Reached skill level 5 in Fighting
  8743 | D:7      | Found Ulloniar's Magic Scroll Emporium.
  9359 | D:8      | Reached skill level 8 in Unarmed Combat
  9388 | D:8      | Found a stormy altar of Qazlal.
  9697 | D:8      | Noticed a polar bear
  9715 | D:8      | Killed a polar bear
  9715 | D:8      | Reached skill level 5 in Invocations
 10037 | D:8      | Reached * piety under Ashenzari
 10189 | D:8      | Reached XP level 10. HP: 74/74 MP: 20/20
 10482 | D:8      | Found Toquemai's Armour Shop.
 10519 | D:8      | Reached skill level 5 in Short Blades
 10519 | D:8      | Reached skill level 5 in Long Blades
 10519 | D:8      | Reached skill level 5 in Axes
 10519 | D:8      | Reached skill level 5 in Maces & Flails
 10519 | D:8      | Reached skill level 5 in Polearms
 10519 | D:8      | Reached skill level 5 in Staves
 10519 | D:8      | Reached skill level 5 in Slings
 10519 | D:8      | Reached skill level 5 in Bows
 10519 | D:8      | Reached skill level 5 in Crossbows
 10519 | D:8      | Reached skill level 5 in Throwing
 10519 | D:8      | Reached skill level 5 in Armour
 10519 | D:8      | Reached skill level 5 in Stealth
 10519 | D:8      | Reached skill level 5 in Shields
 10519 | D:8      | Reached skill level 5 in Evocations
 10835 | D:8      | Bought a +1 pair of boots of flying for 231 gold pieces
 10988 | D:8      | Found a basalt altar of Yredelemnul.
 13234 | D:10     | Entered Level 10 of the Dungeon
 13234 | D:10     | Noticed a two-headed ogre
 13242 | D:10     | Killed a two-headed ogre
 13242 | D:10     | Reached XP level 11. HP: 49/83 MP: 18/22
 13577 | D:10     | Found a basalt altar of Yredelemnul.
 14305 | D:10     | Reached skill level 9 in Unarmed Combat
 14458 | D:10     | Found a staircase to the Lair.
 14556 | D:10     | Reached ** piety under Ashenzari
 14670 | D:10     | Reached skill level 5 in Conjurations
 14670 | D:10     | Reached skill level 5 in Hexes
 14670 | D:10     | Reached skill level 5 in Charms
 14670 | D:10     | Reached skill level 5 in Summonings
 14670 | D:10     | Reached skill level 5 in Necromancy
 14670 | D:10     | Reached skill level 5 in Translocations
 14670 | D:10     | Reached skill level 5 in Fire Magic
 14670 | D:10     | Reached skill level 5 in Ice Magic
 14670 | D:10     | Reached skill level 5 in Air Magic
 14670 | D:10     | Reached skill level 5 in Earth Magic
 14670 | D:10     | Reached skill level 5 in Poison Magic
 15028 | Lair:1   | Entered Level 1 of the Lair of Beasts
 15888 | Lair:1   | Noticed Fannar
 15899 | Lair:1   | Killed Fannar
 17445 | Lair:2   | Reached XP level 12. HP: 83/91 MP: 24/24
 18998 | Lair:3   | Reached *** piety under Ashenzari
 19380 | Lair:3   | Got the uncursed ring mail of Gallantry {Str+4 Dex+3}
 19391 | Lair:3   | Identified the +4 ring mail of Gallantry {Str+4 Dex+3} (You
                  | found it on level 3 of the Lair of Beasts)
 19729 | Lair:3   | Noticed Nergalle
 19752 | Lair:3   | Killed Nergalle
 19877 | Lair:3   | Noticed a four-headed hydra
 20389 | Lair:3   | Killed a four-headed hydra
 20957 | Lair:4   | Found a staircase to the Snake Pit.
 20974 | Lair:4   | Mangled by a black mamba

Skill      XL: |  1  2  3  4  5  6  7  8  9 10 11 12 |
---------------+-------------------------------------+-----
Spellcasting   | 5 6 7 8 |  8.8
Invocations    | 1 2 3 4 5 6 7 |  7.8
Short Blades   | 1 2 3 4 5 6 7 |  7.1
Long Blades    | 1 2 3 4 5 6 7 |  7.1
Axes           | 1 2 3 4 5 6 7 |  7.1
Maces & Flails | 1 2 3 4 5 6 7 |  7.1
Polearms       | 1 2 3 4 5 6 7 |  7.1
Staves         | 1 2 3 4 5 6 7 |  7.1
Slings         | 1 2 3 4 5 6 7 |  7.1
Bows           | 1 2 3 4 5 6 7 |  7.1
Crossbows      | 1 2 3 4 5 6 7 |  7.1
Throwing       | 1 2 3 4 5 6 7 |  7.1
Armour         | 1 2 3 4 5 6 7 |  7.1
Stealth        | 1 2 3 4 5 6 7 |  7.1
Shields        | 1 2 3 4 5 6 7 |  7.1
Evocations     | 1 2 3 4 5 6 7 |  7.1
Conjurations   | 1 2 3 4 5 |  5.9
Hexes          | 1 2 3 4 5 |  5.9
Charms         | 1 2 3 4 5 |  5.9
Summonings     | 1 2 3 4 5 |  5.9
Necromancy     | 1 2 3 4 5 |  5.9
Translocations | 1 2 3 4 5 |  5.9
Fire Magic     | 1 2 3 4 5 |  5.9
Ice Magic      | 1 2 3 4 5 |  5.9
Air Magic      | 1 2 3 4 5 |  5.9
Earth Magic    | 1 2 3 4 5 |  5.9
Poison Magic   | 1 2 3 4 5 |  5.9
Fighting       | 3 4 5 6 7 |  7.6
Transmutations | 4 5 6 7 |  7.1
Dodging        | 5 6 7 8 |  8.6
Unarmed Combat | 7 8 9 |  9.7

Action                   |  1- 3 |  4- 6 |  7- 9 | 10-12 || total
-------------------------+-------+-------+-------+-------++-------
Melee: Unarmed           |    18 |    13 |   227 |   300 ||   558
       Bite              |     8 |    19 |    23 |    30 ||    80
       Short sword       |    73 |   171 |   151 |   257 ||   652
       Punch             |     3 |     6 |     3 |    12 ||    24
 Fire: Hunting sling     |       |    25 |    87 |   208 ||   320
 Cast: Sticks to Snakes  |     3 |       |     4 |       ||     7
       Spider Form       |       |     2 |    19 |    32 ||    53
       Ice Form          |       |       |       |     9 ||     9
Invok: Curse Item        |       |       |     1 |       ||     1
 Abil: End Transformatio |       |       |       |     1 ||     1
  Use: Potion            |       |       |       |     3 ||     3
       Scroll            |       |       |       |     7 ||     7
 Stab: Sleeping          |     1 |     1 |     2 |    13 ||    17
       Distracted        |       |       |     1 |       ||     1
  Eat: Chunk             |     1 |     9 |    17 |    29 ||    56
       Ration            |       |       |     1 |     4 ||     5
Armor: Robe              |    17 |       |       |       ||    17
       Leather armour    |       |    53 |    39 |    50 ||   142
       Skin              |       |       |    10 |    41 ||    51
       Ring mail         |       |       |       |     5 ||     5
Dodge: Dodged            |    75 |   208 |   426 |   530 ||  1239
Block: Other             |       |       |       |    39 ||    39
       Reflection        |       |       |       |     1 ||     1
